 Dungeon Crawl Stone Soup version 0.22-a0-362-g535178c (webtiles) character file.

51 Kikal the Conjurer (level 3, -2/14 HPs)
             Began as a Felid Conjurer on Apr 20, 2018.
             Slain by a worm (11 damage)
             ... on level 4 of the Dungeon.
             The game lasted 00:11:29 (3038 turns).

Kikal the Conjurer (Felid Conjurer)                 Turns: 3038, Time: 00:11:29

Health: -2/14      AC:  1    Str:  4    XL:     3   Next: 57%
Magic:  2/8        EV: 18    Int: 17    God:
Gold:   141        SH:  0    Dex: 16    Spells: 4/8 levels left
                                        Lives:  0   Deaths: 1

rFire    . . .     SeeInvis +   (weapon unavailable)
rCold    . . .     Gourm    .   (shield unavailable)
rNeg     . . .     Faith    .   (armour unavailable)
rPois    .         Spirit   .   (helmet unavailable)
rElec    .         Reflect  .   (cloak unavailable)
rCorr    .         Harm     .   (gloves unavailable)
MR       .....                  (boots unavailable)
Stlth    +++.......             (no amulet)
HPRegen  0.04/turn              (no ring)
MPRegen  0.11/turn              (no ring)

@: very slightly contaminated, quick
A: very small, no armour, no weapons or thrown items, stealth, claws 1, fangs 3,
see invisible, carnivore, speed 1, shaggy fur 1, slow metabolism 1, sharp paws
a: no special abilities


You were on level 4 of the Dungeon.
You were not hungry.

You visited 1 branch of the dungeon, and saw 4 of its levels.

You collected 141 gold pieces.

Inventory:

Scrolls
 a - 5 scrolls of identify {unknown}
 e - a scroll of blinking {unknown}
 g - a scroll of remove curse {unknown}
 h - a scroll of teleportation {unknown}
 k - a scroll of amnesia {unknown}
Potions
 c - 2 potions of brilliance {unknown}
 d - a potion of haste {unknown}
 f - 2 potions of might {unknown}
 i - a potion of agility {unknown}
 j - 2 potions of curing {unknown}
Comestibles
 b - 2 rations


   Skills:
 - Level 2.6 Dodging
 - Level 2.6 Stealth
 * Level 3.2 Spellcasting
 * Level 4.6 Conjurations
 + Level 1.3 Hexes


You had 4 spell levels left.
You knew the following spells:

 Your Spells              Type           Power        Failure   Level  Hunger
a - Magic Dart            Conj           ###.         2%          1    None
b - Dazzling Spray        Conj/Hex       ##....       16%         3    ###....


Dungeon Overview and Level Annotations

Branches:
Dungeon (4/15)
 Temple: D:4-7

Altars:
Cheibriados

Annotations:
D:3 Grinder


Innate Abilities, Weirdness & Mutations

You cannot wear armour.
You are incapable of wielding weapons or throwing items.
Your paws allow you to move quietly. (Stealth)
You have sharp claws.
You have razor-sharp teeth.
You have supernaturally acute eyesight. (SInv)
You are carnivorous and can eat meat at any time.
You cover ground quickly.
You are covered in fur. (AC +1)
You have a slow metabolism.
Your sharp claws are effective at attacking unaware monsters.


Message History

The spray of energy hits the worm.
The worm is dazzled.
You now have 0/8 mp.
You don't have enough magic to cast that spell.
Unknown command.
You don't have enough magic to cast that spell.
Unknown command.
You scratch the worm but do no damage. You bite the worm, but do no damage.
You scratch the worm but do no damage.
The worm is no longer blind.
The worm closely misses you.
You scratch the worm. You scratch the worm. The worm misses you.
You scratch the worm but do no damage. You scratch the worm.
The worm barely misses you.
You completely miss the worm. The worm bites you but does no damage.
You scratch the worm but do no damage. You scratch the worm but do no damage.
The worm barely misses you.
You scratch the worm. You bite the worm. You scratch the worm.
The worm bites you!
Ouch! That really hurt!
You die...

#....# +....
#....#
#..ooo
#....#
#....#
###.###+#
#####'##..#
+.........#
#.........#
#....w@...#
#.........#
#.........#
##+###..###
#.###..#####
+.......'..#
#.......#..#
#########..#
####


You could see a worm.

Vanquished Creatures
  A bullfrog zombie (D:2)
  2 adders (D:2)
  An ooze (D:1)
  A worm (D:2)
  3 dart slugs
  A giant cockroach (D:1)
  6 goblins
  5 hobgoblins
  4 jackals (D:1)
  A ball python (D:3)
  5 bats
  6 frilled lizards
  5 kobolds
  8 rats
49 creatures vanquished.

Notes
Turn   | Place    | Note
-------+----------+-------------------------------------------
     0 | D:1      | Kikal the Felid Conjurer began the quest for the Orb.
     0 | D:1      | Reached XP level 1. HP: 7/7 MP: 4/4
   160 | D:1      | Reached XP level 2. HP: 11/11 MP: 0/6
   568 | D:1      | Reached skill level 4 in Conjurations
   902 | D:1      | Reached XP level 3. HP: 14/14 MP: 4/7
   989 | D:1      | Learned a level 3 spell: Dazzling Spray
  1850 | D:2      | Reached skill level 1 in Hexes
  1850 | D:2      | Reached XP level 4. HP: 18/18 MP: 5/9
  2531 | D:3      | Found a snail-covered altar of Cheibriados.
  2538 | D:3      | Noticed Grinder
  2995 | D:4      | Killed from afar by an orc priest
  2996 | D:4      | Reached XP level 3. HP: 0/14 MP: 7/8
  3038 | D:4      | Slain by a worm

Vault maps used:
D:1:      dpeg_arrival_connections, minmay_tiny_reverse_x
D:2:      skrybe_limestone_x
D:3:      cheibrodos_ashenzari_chains, kennysheep_slug_shrine, uniq_grinder
D:4:      lemuel_blue_sif_altar, kennysheep_little_box,
          nemelex_xobeh_ov_fountains_minmay, first_ration, uniq_sigmund

Skill      XL: |  1  2  3 |
---------------+----------+-----
Conjurations   | 4 |  4.6
Spellcasting   | 3 |  3.2
Hexes          | 1 |  1.3
Dodging        | |  2.6
Stealth        | |  2.6

Action                   |  1- 3 |  4- 6 || total
-------------------------+-------+-------++-------
Melee: Unarmed           |    16 |     8 ||    24
       Bite              |     3 |       ||     3
 Cast: Magic Dart        |    94 |    44 ||   138
       Dazzling Spray    |     5 |     3 ||     8
 Stab: Sleeping          |       |     1 ||     1
  Eat: Chunk             |    10 |     2 ||    12
Armor: Skin              |     3 |       ||     3
Dodge: Dodged            |    25 |     7 ||    32

Table legend:
 A = Spawn XP
 B = Non-spawn XP
 C = Spawn XP percentage of total XP
 D = Spawn monster count
 E = Non-spawn monster count
 F = Spawn count percentage of total count
 G = Total turns spent on level
                    A         B        C        D         E        F      G
               +---------+---------+-------+---------+---------+-------+---------
         Total |       0 |     154 |   0.0 |       0 |      49 |   0.0 |  3038
               +---------+---------+-------+---------+---------+-------+---------
           D:1 |       0 |      45 |   0.0 |       0 |      24 |   0.0 |  1340
           D:2 |       0 |      92 |   0.0 |       0 |      14 |   0.0 |  1106
           D:3 |       0 |      17 |   0.0 |       0 |      11 |   0.0 |   466
               +---------+---------+-------+---------+---------+-------+---------
